 Dungeon Crawl Stone Soup version 0.22.1-1-ga44c0e56f4 (webtiles) character file.

492 Kaderl the Firebug (level 7, -1/46 HPs)
             Began as a Human Fire Elementalist on Oct 13, 2018.
             Shot with an arrow by a centaur (4 damage)
             ... on level 5 of the Dungeon.
             The game lasted 00:13:58 (4555 turns).

Kaderl the Firebug (Human Fire Elementalist)        Turns: 4555, Time: 00:13:59

Health: -1/46      AC:  4    Str:  8    XL:     7   Next: 37%
Magic:  11/13      EV: 13    Int: 17    God:
Gold:   182        SH:  0    Dex: 14    Spells: 8/14 levels left

rFire    . . .     SeeInvis .   (no weapon)
rCold    . . .     Gourm    .   (no shield)
rNeg     . . .     Faith    .   n - +0 robe
rPois    .         Spirit   .   (no helmet)
rElec    .         Reflect  .   f - +0 cloak
rCorr    .         Harm     .   e - +0 pair of gloves
MR       .....                  (no boots)
Stlth    ++........             (no amulet)
HPRegen  0.15/turn              (no ring)
MPRegen  0.13/turn              (no ring)

@: drained
A: no striking features
a: no special abilities


You were on level 5 of the Dungeon.
You were not hungry.

You visited 1 branch of the dungeon, and saw 5 of its levels.

You collected 182 gold pieces.

Inventory:

Hand Weapons
 q - a +6 dire flail of draining
Armour
 e - a +0 pair of gloves (worn)
 f - a +0 cloak (worn)
 n - a +0 robe (worn)
Scrolls
 h - 2 scrolls of remove curse
 k - a scroll of fog
 p - 2 scrolls of teleportation
Potions
 a - 3 potions of agility
 b - a potion of brilliance {unknown}
 d - a potion of invisibility
 g - a potion of flight
 j - 2 potions of lignification {unknown}
 l - 2 potions of heal wounds {unknown}
Comestibles
 c - 4 rations


   Skills:
 + Level 0.2 Fighting
 + Level 2.5(2.4) Dodging
 + Level 2.6(2.5) Stealth
 + Level 0.7 Unarmed Combat
 + Level 4.4(4.3) Spellcasting
 + Level 3.3(3.2) Conjurations
 + Level 4.8 Fire Magic


You had 8 spell levels left.
You knew the following spells:

 Your Spells              Type           Power        Failure   Level  Hunger
a - Flame Tongue          Conj/Fire      ###..        3%          1    None
b - Throw Flame           Conj/Fire      ###...       4%          2    ##.....
c - Conjure Flame         Conj/Fire      ###.....     9%          3    ###....

Your spell library contained the following spells:

 Spells                   Type           Power        Failure   Level  Hunger
 Magic Dart               Conj           ##..         4%          1    None
 Inner Flame              Hex/Fire       ##......     17%         3    ###....
 Blink                    Tloc           N/A          22%         2    ##.....
 Call Imp                 Summ           #.......     22%         2    ##.....
 Slow                     Hex            #.......     22%         2    ##.....
 Mephitic Cloud           Conj/Pois/Air  #.......     28%         3    ###....
 Sticky Flame             Conj/Fire      ###.....     28%         4    ####...
 Fireball                 Conj/Fire      ###.......   63%         5    ######.


Dungeon Overview and Level Annotations

Branches:
Dungeon (5/15)
 Temple: D:4-7

Altars:
Dithmenos
Fedhas

Shops:
D:4 *


Message History

The centaur shouts!
The centaur wields a shortbow.
The centaur shoots an arrow.
The arrow hits you!
The centaur shoots an arrow.
The arrow closely misses you.
Found a ration.
The centaur shoots an arrow.
The arrow hits you!
The centaur shoots an arrow.
The arrow hits you!
* * * LOW HITPOINT WARNING * * *
You see here 2 arrows.
Casting: Throw Flame (safe; 4% risk of failure)
Confirm with . or Enter, or press ? or * to list all spells.
Aiming: Flame Tongue (safe; 3% risk of failure)
Press: ? - help, Shift-Dir - straight line, f/p - centaur
Aim: a centaur, wielding a shortbow (lightly wounded)
The flame tongue hits the centaur.
The centaur is moderately wounded.
The centaur shoots an arrow.
The arrow hits you!
* * * LOW HITPOINT WARNING * * *
The centaur shoots an arrow.
The arrow closely misses you.
The centaur shoots an arrow.
The arrow hits you.
You die...

####.............##.....(#
#......########.........##
#.##.#.# #.##.##.#.#
#.##.#.########.##.##.#.#
#.##...##....%#.##..(.#.#
#.###..##.....#.##.##.#.#
##.###..##.....#.<.......#
##.......##.....####.######
##.....#.###.@...# #.#
##.........####.### #.#
#..........## #.# ...
##..........###.# ...
##........<...c#####...#
##...#.##...........###
##.##......(.(...#.# #
#.............#..... #
####.......###...# ...?


You could see a centaur.

Vanquished Creatures
  Edmund (D:3)
  An ogre (D:4)
  An iguana (D:4)
  2 orc wizards (D:4)
  A hound skeleton (D:4)
  9 adders
  An adder skeleton (D:4)
  An adder zombie (D:5)
  3 worms
  6 dart slugs
  2 leopard geckos
  11 orcs
  4 giant cockroaches
  9 goblins
  8 hobgoblins
  5 jackals
  5 kobolds
  3 quokkas
  2 ball pythons
  9 bats
  4 frilled lizards
  6 rats
94 creatures vanquished.

Notes
Turn   | Place    | Note
-------+----------+-------------------------------------------
     0 | D:1      | Kaderl the Human Fire Elementalist began the quest for the
                  | Orb.
     0 | D:1      | Reached XP level 1. HP: 13/13 MP: 3/3
   110 | D:1      | Reached XP level 2. HP: 9/19 MP: 0/5
   526 | D:1      | Reached XP level 3. HP: 24/24 MP: 4/6
   866 | D:1      | Learned a level 2 spell: Throw Flame
   988 | D:2      | Reached XP level 4. HP: 30/30 MP: 3/8
  1673 | D:2      | Reached XP level 5. HP: 35/35 MP: 6/9
  1714 | D:2      | Learned a level 3 spell: Conjure Flame
  1738 | D:3      | Found a shadowy altar of Dithmenos.
  2805 | D:4      | Reached XP level 6. HP: 41/41 MP: 6/11
  3265 | D:4      | Noticed an ogre
  3275 | D:4      | Killed an ogre
  3452 | D:4      | Noticed Edmund
  3508 | D:3      | Killed Edmund
  3508 | D:3      | Reached XP level 7. HP: 26/46 MP: 1/13
  3692 | D:4      | Found a blossoming altar of Fedhas.
  4161 | D:4      | Found Kusying's Assorted Antiques.
  4218 | D:5      | Entered Level 5 of the Dungeon
  4551 | D:5      | HP: 2/46 [centaur/arrow (11)]
  4555 | D:5      | Shot with an arrow by a centaur

Skill      XL: |  1  2  3  4  5  6 |
---------------+-------------------+-----
Spellcasting   | 3 4 |  4.4
Conjurations   | 2 3 |  3.3
Fire Magic     | 4 |  4.8
Fighting       | |  0.2
Dodging        | |  2.5
Stealth        | |  2.6
Unarmed Combat | |  0.7

Action                   |  1- 3 |  4- 6 |  7- 9 || total
-------------------------+-------+-------+-------++-------
Melee: Unarmed           |    19 |    16 |       ||    35
 Cast: Flame Tongue      |    55 |   126 |    17 ||   198
       Throw Flame       |       |    11 |     9 ||    20
       Conjure Flame     |       |     3 |       ||     3
  Use: Scroll            |     2 |     4 |     3 ||     9
       Potion            |       |     1 |       ||     1
  Eat: Ration            |     1 |     2 |     1 ||     4
Armor: Robe              |     7 |     9 |       ||    16
Dodge: Dodged            |    18 |    36 |     6 ||    60
